 Dungeon Crawl Stone Soup version 0.32-a0-960-g3814254bd7 (webtiles) character file.

Game seed: 15616135321584945681

133 Autsider the Apothecary (level 5, -4/42 HPs)
             Began as a Naga Alchemist on Apr 17, 2024.
             Slain by a gnoll bouda
             ... wielding a +0 whip
              (7 damage)
             ... on level 5 of the Dungeon.
             The game lasted 00:07:48 (2905 turns).

Autsider the Apothecary (Naga Alchemist)            Turns: 2905, Time: 00:07:49

Health: -4/42      AC:  4    Str: 10    XL:     5   Next: 16%
Magic:  1/8        EV:  9    Int: 15    God:
Gold:   185        SH:  0    Dex: 14    Spells: 3/8 levels left

rFire   . . .        d - +2 dagger (venom)
rCold   . . .        (no shield)
rNeg    . . .        a - +0 robe
rPois   +            (no helmet)
rElec   .            (no cloak)
rCorr   .            l - +1 pair of gloves
SInv    +            (no barding)
Will    .....        (no amulet)
Stlth   ++           (no ring)
HPRegen 0.27/turn    (no ring)
MPRegen 0.11/turn

%: no passive effects
@: very slow
A: AC +1, large, see invisible, deformed body, poison resistance, slowness 2,
spit poison 1, naga tail 1
a: Spit Poison


You were on level 5 of the Dungeon.
You visited 1 branch of the dungeon, and saw 5 of its levels.

You collected 255 gold pieces.
You spent 70 gold pieces at shops.

Inventory:

Hand Weapons
 d - a +2 dagger of venom (weapon)
 n - a +2 dagger of protection
 r - a +2 long sword of electrocution
Missiles
 k - 8 poisoned darts
Armour
 a - a +0 robe (worn)
 l - a +1 pair of gloves (worn)
Scrolls
 c - a scroll of fog {unknown}
 f - a scroll of enchant weapon {unknown}
 h - a scroll of teleportation {@r2}
 j - a scroll of identify {unknown}
Potions
 b - a potion of magic
 e - a potion of mutation {unknown}
 g - a potion of cancellation {unknown}
 i - 2 potions of lignification {unknown}
 m - a potion of curing
 o - a potion of brilliance {unknown}
 p - a potion of attraction
 q - a potion of degeneration


   Skills:
 - Level 1.5 Dodging
 - Level 3.0 Stealth
 - Level 2.0 Spellcasting
 - Level 1.0 Conjurations
 + Level 0.8 Fire Magic
 + Level 6.7 Alchemy


You had 3 spell levels left.
You knew the following spells:

 Your Spells              Type           Power      Damage    Failure   Level
a - Sting                 Conj/Alch      52%        1d6       4%          1
b - Olgreb's Toxic Radia  Alch           21%        N/A       14%         4

Your spell library contained the following spells:

 Spells                   Type           Power      Damage    Failure   Level
 Mercury Vapours          Alch/Air       22%        N/A       9%          2
 Mephitic Cloud           Conj/Alch/Air  9%         N/A       24%         3
 Sticky Flame             Fire/Alch      12%        2d5       43%         4
 Ozocubu's Refrigeration  Ice            0%         4d7       100%        7
 Discord                  Hex            0%         N/A       100%        8


Dungeon Overview and Level Annotations

Branches:
Dungeon (5/15)
 Temple: D:4-7

Altars:

Shops:
D:4 !(

Annotations:
D:4 Menkaure


Innate Abilities, Weirdness & Mutations

Your serpentine skin is tough. (AC +1)
You have supernaturally acute eyesight. (SInv)
Armour fits poorly on your strangely shaped body.
Your system is resistant to poisons. (rPois)
You cover ground very slowly.
You can spit poison.
You have a snake-like lower body.


Message History

Aim: a gnoll, wielding a +0 spear (moderately wounded, covering ground quickly, 65% to hit)
The splash of poison hits the gnoll but does no damage.
The gnoll looks even sicker.
The gnoll is heavily wounded.
The gnoll hits you from afar with a +0 halberd!
* * * LOW HITPOINT WARNING * * *
You aren't carrying any items that you can evoke.
Okay, then.
Casting: Sting (safe; 4% risk of failure)
Confirm with . or Enter, or press ? or * to list all spells.
Aiming: Sting (safe; 4% risk of failure)
Press: ? - help, Shift-Dir - straight line, f/p - gnoll
Aim: a gnoll, wielding a +0 spear (moderately wounded, covering ground quickly, 75% to hit)
The sting misses the gnoll.
The sting misses the gnoll bouda.
The sting hits the gnoll.
The gnoll is poisoned.
The gnoll is severely wounded.
The gnoll hits you from afar with a +0 halberd!
* * * LOW HITPOINT WARNING * * *
Casting: Sting (safe; 4% risk of failure)
Confirm with . or Enter, or press ? or * to list all spells.
Aiming: Sting (safe; 4% risk of failure)
Press: ? - help, Shift-Dir - straight line, f/p - gnoll
Aim: a gnoll, wielding a +0 spear (almost dead, covering ground quickly, poisoned, 75% to hit)
The sting hits the gnoll.
The gnoll looks even sicker.
The gnoll is almost dead.
You have got your breath back.
You kill the gnoll!
You feel better.
Casting: Sting (safe; 4% risk of failure)
Confirm with . or Enter, or press ? or * to list all spells.
Aiming: Sting (safe; 4% risk of failure)
Press: ? - help, Shift-Dir - straight line, f/p - gnoll
Aim: a gnoll, wielding a +0 spear (almost dead, covering ground quickly, poisoned, 75% to hit)
The sting hits the gnoll bouda but does no damage.
The gnoll bouda looks even sicker.
The gnoll bouda is moderately wounded.
The gnoll hits you from afar with a +0 spear!
* * * LOW HITPOINT WARNING * * *
The gnoll bouda hits you with a +0 whip!
You die...

## #.# #.# #.#
#.###.###.# ..
#.........# g#
#####.##### g# #.# g.
####.### g## ##......#
..##
####.....#.#######...####
+........>....@ggg......+
###....##.#######...####
##.#.##.# ..## #.#.##.#
.## #......# .. ###.####
#. #.# .# #.# .# #.#


You could see a gnoll bouda (very poisoned) and 2 gnolls.

Vanquished Creatures
  2 gnolls (D:5)
  6 adders
  2 dart slugs
  3 orcs (D:4)
  A ball python (D:2)
  4 bats
  An endoplasm (D:4)
  A giant cockroach (D:2)
  4 goblins
  6 hobgoblins
  2 jackals (D:2)
  5 quokkas
  3 frilled lizards
  9 kobolds
  4 rats
53 creatures vanquished.

Notes
Turn   | Place    | Note
-------+----------+-------------------------------------------
     0 | D:1      | Autsider the Naga Alchemist began the quest for the Orb.
     0 | D:1      | Reached XP level 1. HP: 15/15 MP: 3/3
   182 | D:1      | Reached skill level 4 in Alchemy
   430 | D:1      | Reached XP level 2. HP: 22/22 MP: 3/5
   974 | D:2      | Reached skill level 5 in Alchemy
   974 | D:2      | Reached XP level 3. HP: 17/28 MP: 2/6
  1368 | D:2      | Reached XP level 4. HP: 21/36 MP: 4/7
  1537 | D:2      | Reached skill level 6 in Alchemy
  2694 | D:4      | Found Forekh's Distillery.
  2703 | D:4      | Bought a potion of attraction for 30 gold pieces
  2703 | D:4      | Bought a potion of degeneration for 10 gold pieces
  2703 | D:4      | Bought a potion of curing for 30 gold pieces
  2713 | D:4      | Noticed Menkaure
  2736 | D:4      | Learned a level 4 spell: Olgreb's Toxic Radiance
  2753 | D:4      | Found Vyinall's Weapon Shoppe.
  2775 | D:5      | Entered Level 5 of the Dungeon
  2899 | D:5      | Reached XP level 5. HP: 23/42 MP: 5/8
  2905 | D:5      | Slain by a gnoll bouda

Illustrated notes

Levels and vault maps discovered:
D:1:      lightli_arrival_statuegarden, layout_loops_corners
D:2:      layout_rooms
D:3:      layout_loops_corners, minmay_misc_feat_x
D:4:      layout_basic, serial_shops, nicolae_shop_bloodbath_and_beyond,
          nicolae_shop_crystal, uniq_grinder, uniq_menkaure
D:5:      layout_loops_corners, minmay_chambers_of_fives, uniq_ijyb, uniq_pikel

Skill      XL: |  1  2  3  4 |
---------------+-------------+-----
Alchemy        | 4 5 6 |  6.7
Dodging        | |  1.5
Stealth        | |  3.0
Spellcasting   | |  2.0
Conjurations   | |  1.0
Fire Magic     | |  0.8

Action                     |  1- 3 |  4- 6 || total
---------------------------+-------+-------++-------
  Melee: Dagger            |    26 |    47 ||    73
   Cast: Sting             |    32 |    41 ||    73
Ability: Spit Poison       |       |     1 ||     1
    Use: Scroll            |       |     1 ||     1
         Potion            |       |     1 ||     1
   Stab: Sleeping          |       |     1 ||     1
 Armour: Robe              |    19 |    43 ||    62
  Dodge: Dodged            |    22 |    12 ||    34

Table legend: (Time is in decaauts)
 A = Elapsed time spent in this place.
 B = Non-inter-level travel time spent in this place.
 C = Inter-level travel time spent in this place.
 D = Time resting spent in this place.
 E = Time spent auto-exploring this place.
 F = Levels seen in this place.
 G = Mean time per level.
                   A        B        C        D        E       F      G
               +--------+--------+--------+--------+--------+-----+--------+
         Total |   3705 |   3580 |    125 |    107 |   2960 |   5 |  741.0 |
       Dungeon |   3705 |   3580 |    125 |    107 |   2960 |   5 |  741.0 |
               +--------+--------+--------+--------+--------+-----+--------+

Top non-repeatable levels by time:
     D:3: 1275 daAuts
     D:1: 1211 daAuts
     D:2: 913 daAuts
     D:4: 153 daAuts
     D:5: 150 daAuts
